 Dungeon Crawl Stone Soup version 0.13-a0-3016-gcb2faac (webtiles) character file.

226 Misa the Covered (level 3, 0/29 HPs)
             Began as a Djinni Fighter on Sept 10, 2013.
             Slain by Grinder (1 damage)
             ... on Level 3 of the Dungeon.
             The game lasted 00:06:19 (1647 turns).

Misa the Covered (Djinni Fighter)                   Turns: 1647, Time: 00:06:19

HP   0/29        AC  8     Str 16      XL: 3   Next: 98%
MP   0/0         EV  6     Int  8      God:
Gold 159         SH 18     Dex 13      Spells:  0 memorised,  2 levels left

Res.Fire  : + + +   See Invis. : .   a - +0 mace
Res.Cold  : x . .   Warding    : .   b - +0 scale mail
Life Prot.: + + +   Conserve   : .   c - +0 shield
Res.Poison: .       Res.Corr.  : .   (no helmet)
Res.Elec. : .       Clarity    : .   (no cloak)
Sust.Abil.: . .     Spirit.Shd : .   d - +0 pair of gloves
Res.Mut.  : .       Stasis     : .   (boots unavailable)
Res.Rott. : .       Flight     : .   (no amulet)
Saprovore : . . .                    (no ring)
                                     (no ring)

@: invisible, not resistant to hostile enchantments, extremely unstealthy
A: fire immunity, cold vulnerability, life protection 3
a: no special abilities


You were on level 3 of the Dungeon.
You were not hungry.

You visited 1 branch of the dungeon, and saw 3 of its levels.

You collected 139 gold pieces.

Inventory:

Hand weapons
 a - a +0,+0 mace (weapon)
 r - a +0,+0 sling
Missiles
 e - 11 darts (quivered)
 s - 13 stones
Armour
 b - a +0 scale mail (worn)
 c - a +0 shield (worn)
 d - a +0 pair of gloves (worn)
Magical devices
 o - a wand of confusion (14) {unknown}
Scrolls
 f - 3 scrolls of enchant weapon I {unknown}
 g - a scroll of blinking {unknown}
 h - 4 scrolls of remove curse {unknown}
 i - 2 scrolls of recharging {unknown}
 j - a scroll of amnesia {unknown}
 l - 2 scrolls of teleportation {unknown}
 n - 4 scrolls of identify {unknown}
Potions
 p - a potion of degeneration {unknown}
 q - a potion of restore abilities {unknown}


   Skills:
 + Level 3.2 Fighting
 + Level 2.7 Maces & Flails
 + Level 3.7 Armour
 + Level 3.6 Shields


You had 2 spell levels left.
You didn't know any spells.

Dungeon Overview and Level Annotations

Branches:
Dungeon (3/27)

Altars:
Xom

Annotations:
D:3 Grinder


Innate Abilities, Weirdness & Mutations

You are immune to all types of fire, even holy and hellish.
You are vulnerable to cold.
You need no food.
You have no legs.
You are immune to negative energy.


Message History

Grinder is moderately wounded.
Firing (i - inventory. (,) - cycle):
s - 14 stones (quivered)
Press: ? - help, Shift-Dir - straight line, f/p - Grinder
Aim: Grinder (moderately wounded)
You shoot a stone. The stone hits Grinder.
Grinder is heavily wounded.
Wield which item (- for none, * to show all)? (? for menu, Esc to quit)
a - a +0,+0 mace (weapon)
You hit Grinder.
Grinder is severely wounded.
Grinder says, "There's only one good use for a tongue: cutting it out."
Grinder gestures at you. Pain shoots through your body!
* * * LOW HITPOINT WARNING * * *
Grinder hits you.
* * * LOW HITPOINT WARNING * * *
Drink which item? (? for menu, Esc to quit)
You fade into invisibility!
It was a potion of invisibility.
Grinder hits you.
You die...

##.## #......#.####..####
#...###......#...........
#........................
#...###..................
#.).# #......#.......####
#...# #......#.......#
#...###......#.......###
#........#####..........
#(..(((5@# #.......###
#........# #.......#
#........# #######.#
#........# .# #........#
#........# #........####
###.####......
#...........


You could see Grinder.

Vanquished Creatures
  2 adders
  2 worms (D:2)
  A giant gecko (D:1)
  2 ball pythons
  6 bats
  3 hobgoblins (D:1)
  A kobold (D:1)
  2 quokkas (D:2)
  3 giant cockroaches
  3 giant newts
  5 goblins
  6 rats
36 creatures vanquished.

Notes
Turn   | Place    | Note
--------------------------------------------------------------
     0 | D:1      | Misa, the Djinni Fighter, began the quest for the Orb.
     0 | D:1      | Reached XP level 1. HP: 16/16 MP: 0/0
   102 | D:1      | Reached XP level 2. EP: 22/22
   827 | D:2      | Found a shimmering altar of Xom.
   862 | D:2      | Reached XP level 3. EP: 9/29
  1599 | D:3      | Noticed Grinder
  1609 | D:3      | Paralysed by Grinder for 7 turns
  1626 | D:3      | Paralysed by Grinder for 6 turns
  1646 | D:3      | HP: 1/29 [Grinder (6)]
  1647 | D:3      | Slain by Grinder

Action                   || total
-------------------------++-------
Melee: Mace              ||   157
 Fire: Sling             ||     4
  Use: Potion            ||     2
